[Event "RUS-ch Women Rapid 2019"]
[Site "Sochi"]
[Date "2019.10.16"]
[Round "6.12"]
[White "Garifullina, Leya"]
[Black "Lysenko, Margarita"]
[Result "0-1"]
[ECO "B90"]
[WhiteElo "2330"]
[BlackElo "2243"]
[Annotator "NA"]
[PlyCount "134"]
[EventDate "2019.10.15"]
[EventType "swiss"]
[EventCountry "RUS"]
[SourceTitle "playchess.com"]
[Source "ChessBase"]
[SourceQuality "1"]
[TimeControl "900+10"]

1. e4 c5 2. Nf3 d6 3. d4 cxd4 4. Nxd4 Nf6 5. Nc3 a6 6. h3 e5 7. Nb3 Be6 8. f4 exf4 9. Bxf4 Nc6 10. Qe2 Ne5 11. O-O-O Qc7 12. g4 Be7 13. Nd4 g6 14. Kb1 Rc8 15. Bg2 O-O 16. Nd5 Bxd5 17. exd5 Rfe8 18. Nf3 Nc4 19. Bc1 Bf8 20. Qd3 Bg7 21. Nd4 Nd7 22. Qb3 Na5 23. Qg3 Bxd4 24. c3 Bg7 25. h4 Qb6 26. Ka1 Nc4 27. h5 Ne3 28. hxg6 hxg6 29. Rd3 Nxg2 30. Qxg2 Ne5 31. Rdh3 Qd8 32. Qh2 Kf8 33. Rh7 Nf3 34. Qh3 Qf6 35. Rxg7 Kxg7 36. g5 Qe5 37. Qxf3 Rh8 38. Rf1 Qf5 39. Qg2 Qd3 40. Qf2 Qf5 41. Qg1 Qxd5 42. Be3 Kg8 43. Bd4 Rh7 44. Re1 b5 45. a3 a5 46. Qg4 Rf8 47. Bf6 Qf5 48. Qd4 Qc5 49. Qxc5 dxc5 50. Re5 Rc8 51. Re7 b4 52. Ka2 bxa3 53. Kxa3 Rh1 54. Ka2 c4 55. Ra7 Rf1 56. Rxa5 Rf5 57. Ra6 Rb5 58. Ka1 Rcb8 59. Ra2 Rf5 60. Kb1 Rf1+ 61. Kc2 Re8 62. Kd2 Rf2+ 63. Kd1 Rg2 64. Ra4 Rxb2 65. Rxc4 Ra8 66. Kc1 Rf2 67. Kb1 Re8 0-1

[Event "RUS-ch Women Rapid 2019"]
[Site "Sochi"]
[Date "2019.10.16"]
[Round "7.11"]
[White "Chan, Naruna"]
[Black "Chernyak, Viktoria"]
[Result "0-1"]
[ECO "B12"]
[WhiteElo "1890"]
[BlackElo "2284"]
[Annotator "NA RC"]
[PlyCount "88"]
[EventDate "2019.10.15"]
[EventType "swiss"]
[EventCountry "RUS"]
[SourceTitle "playchess.com"]
[Source "ChessBase"]
[SourceQuality "1"]
[TimeControl "900+10"]

1. e4 c6 2. d4 d5 3. e5 Bf5 4. h4 h5 5. Bd3 Bxd3 6. Qxd3 e6 7. Nf3 Ne7 8. Bg5 Qb6 9. b3 Nf5 10. O-O c5 11. c4 dxc4 12. Qxc4 Qc6 13. Nc3 cxd4 14. Nb5 Qxc4 15. bxc4 Na6 16. Nfxd4 Nxd4 17. Nxd4 Bc5 18. Rfd1 O-O 19. Nb3 Ba3 20. Rab1 Rfc8 21. Rd7 b6 22. Rd4 Nb4 23. g4 Nc6 24. Re4 hxg4 25. Rbe1 g3 26. fxg3 Rc7 27. h5 Bf8 28. Rd1 Rac8 29. Kg2 Nb4 30. Rdd4 Nxa2 31. Rg4 Kh7 32. Rgf4 Nb4 33. Nd2 Nc2 34. Rde4 a5 35. Re2 Nb4 36. Ref2 Nd3 37. Rxf7 Nxf2 38. Rxf2 a4 39. Rf1 a3 40. Ra1 Rd7 41. Ra2 Rd3 42. Nb1 Rxc4 43. Nd2 Ra4 44. Kf2 Bc5+ 0-1

[Event "RUS-ch Women Rapid 2019"]
[Site "Sochi"]
[Date "2019.10.16"]
[Round "7.12"]
[White "Klyasheva, Tatiana"]
[Black "Illina, Natalia"]
[Result "0-1"]
[ECO "A00"]
[WhiteElo "2049"]
[BlackElo "2081"]
[Annotator "NA"]
[PlyCount "80"]
[EventDate "2019.10.15"]
[EventType "swiss"]
[EventCountry "RUS"]
[SourceTitle "playchess.com"]
[Source "ChessBase"]
[SourceQuality "1"]
[TimeControl "900+10"]

1. Nc3 d5 2. e4 d4 3. Nce2 c5 4. Ng3 Nc6 5. Nf3 g6 6. Bc4 Bg7 7. d3 e5 8. O-O h6 9. a4 Nge7 10. Ne1 O-O 11. f4 exf4 12. Bxf4 Ne5 13. b3 Nxc4 14. bxc4 Nc6 15. Nf3 Qe7 16. Rb1 b6 17. h3 Bd7 18. Ne2 Nb4 19. Ra1 a5 20. Bd2 Qe8 21. c3 Nxd3 22. cxd4 cxd4 23. Bxh6 Bxh6 24. Qxd3 Bxa4 25. Nexd4 Rd8 26. e5 Bg7 27. Rfe1 Bc6 28. Rad1 Bxf3 29. Qxf3 Qa4 30. Qc6 Qb4 31. Qb5 Qc3 32. Nc6 Rxd1 33. Rxd1 Qe3+ 34. Kh1 Kh7 35. Rd4 Rc8 36. Rh4+ Bh6 37. Ne7 Qe1+ 38. Kh2 Qxh4 39. Nxc8 Bf4+ 40. Kh1 Qe1# 0-1

[Event "RUS-ch Women Rapid 2019"]
[Site "Sochi"]
[Date "2019.10.16"]
[Round "8.4"]
[White "Goltseva, Ekaterina"]
[Black "Lysenko, Margarita"]
[Result "1-0"]
[ECO "E52"]
[WhiteElo "2317"]
[BlackElo "2243"]
[Annotator "NA"]
[PlyCount "81"]
[EventDate "2019.10.15"]
[EventType "swiss"]
[EventCountry "RUS"]
[SourceTitle "playchess.com"]
[Source "ChessBase"]
[SourceQuality "1"]
[TimeControl "900+10"]

1. d4 Nf6 2. c4 e6 3. Nc3 Bb4 4. e3 O-O 5. Bd3 d5 6. Nf3 b6 7. cxd5 exd5 8. O-O Bb7 9. Ne5 Nbd7 10. f4 a6 11. Ne2 Ne4 12. Qa4 Nxe5 13. fxe5 Be7 14. Nf4 c5 15. Qd1 Bg5 16. Qg4 Bh6 17. b3 Rc8 18. Ba3 Kh8 19. Rac1 f5 20. exf6 Nxf6 21. Qh3 Qe7 22. Bf5 Bxf4 23. Rxf4 Rc7 24. Rcf1 Bc8 25. dxc5 bxc5 26. Bb2 Bxf5 27. Rxf5 Rc6 28. Re5 Qd8 29. Rg5 d4 30. Rd1 Qe7 31. exd4 Qe2 32. Qf3 Re6 33. Bc3 Qxa2 34. d5 Re2 35. d6 Qc2 36. Rgd5 Nd7 37. Qg3 Rf7 38. R5d3 Re6 39. R3d2 Qe4 40. Rf2 Rxf2 41. Qxg7# 1-0

[Event "RUS-ch Women Rapid 2019"]
[Site "Sochi"]
[Date "2019.10.16"]
[Round "8.5"]
[White "Guseva, Marina"]
[Black "Ovod, Evgenija"]
[Result "1-0"]
[ECO "D35"]
[WhiteElo "2335"]
[BlackElo "2347"]
[Annotator "NA"]
[PlyCount "83"]
[EventDate "2019.10.15"]
[EventType "swiss"]
[EventCountry "RUS"]
[SourceTitle "playchess.com"]
[Source "ChessBase"]
[SourceQuality "1"]
[TimeControl "900+10"]

1. d4 Nf6 2. c4 e6 3. Nc3 d5 4. cxd5 Nxd5 5. e4 Nxc3 6. bxc3 c5 7. a3 cxd4 8. cxd4 e5 9. dxe5 Qa5+ 10. Bd2 Qxe5 11. Nf3 Qxe4+ 12. Be3 Bc5 13. Rc1 Nd7 14. Rc4 Qe7 15. Qc2 O-O 16. Rxc5 Nxc5 17. Qxc5 Qxc5 18. Bxc5 Re8+ 19. Be3 Bd7 20. Nd4 Rac8 21. Kd2 Re5 22. Bd3 Ra5 23. Ra1 b6 24. h3 f5 25. Bc2 g6 26. Bb3+ Kg7 27. Bf4 Kf6 28. h4 Ba4 29. Be6 Re8 30. Re1 a6 31. Bc7 h6 32. f4 Bb5 33. Be5+ Ke7 34. Rc1 Bd7 35. Rc7 Rd8 36. Nc6+ Kxe6 37. Nxd8+ Kd5 38. Rxd7+ Kc4 39. Rd3 b5 40. Nb7 Ra4 41. Rd4+ Kb3 42. Nc5+ 1-0

[Event "RUS-ch Women Rapid 2019"]
[Site "Sochi"]
[Date "2019.10.16"]
[Round "8.7"]
[White "Chernyak, Viktoria"]
[Black "Illina, Natalia"]
[Result "1-0"]
[ECO "A04"]
[WhiteElo "2284"]
[BlackElo "2081"]
[Annotator "NA"]
[PlyCount "53"]
[EventDate "2019.10.15"]
[EventType "swiss"]
[EventCountry "RUS"]
[SourceTitle "playchess.com"]
[Source "ChessBase"]
[SourceQuality "1"]
[TimeControl "900+10"]

1. Nf3 c5 2. c4 Nc6 3. Nc3 g6 4. e3 Bg7 5. d4 d6 6. d5 Ne5 7. Nxe5 Bxe5 8. Bd3 Bxc3+ 9. bxc3 f5 10. e4 Nf6 11. exf5 gxf5 12. Qf3 Qa5 13. Bd2 Qa4 14. O-O Bd7 15. Rfe1 O-O-O 16. Rxe7 Rde8 17. Rf7 Ne4 18. Bh6 Rhg8 19. Rxf5 Nxc3 20. Rf7 Kb8 21. h3 Bc8 22. Bf4 Rd8 23. Bxh7 Qxc4 24. Bxg8 Rxg8 25. Bxd6+ Ka8 26. Rf8 Ne2+ 27. Kh2 1-0

[Event "RUS-ch Women Rapid 2019"]
[Site "Sochi"]
[Date "2019.10.16"]
[Round "8.8"]
[White "Garifullina, Leya"]
[Black "Bivol, Alina"]
[Result "0-1"]
[ECO "C18"]
[WhiteElo "2330"]
[BlackElo "2283"]
[Annotator "NA"]
[PlyCount "138"]
[EventDate "2019.10.15"]
[EventType "swiss"]
[EventCountry "RUS"]
[SourceTitle "playchess.com"]
[Source "ChessBase"]
[SourceQuality "1"]
[TimeControl "900+10"]

1. e4 e6 2. d4 d5 3. Nc3 Bb4 4. e5 c5 5. a3 Bxc3+ 6. bxc3 Qa5 7. Bd2 c4 8. Ne2 Nc6 9. Nf4 Nge7 10. g3 Bd7 11. Bh3 O-O-O 12. O-O g6 13. Ng2 Rdg8 14. Ne1 g5 15. Bg4 Qd8 16. Bh5 Qf8 17. Qf3 Nf5 18. h3 Be8 19. Ng2 Ng7 20. a4 Nxh5 21. Qxh5 f5 22. Qf3 h5 23. h4 gxh4 24. Nxh4 Rg4 25. Kg2 Rhg8 26. Rh1 f4 27. Bxf4 Qxf4 28. Qxf4 Rxf4 29. Raf1 Re4 30. Re1 Rxe1 31. Rxe1 Ne7 32. a5 Ng6 33. Nf3 Ne7 34. Nh4 Kc7 35. Re3 Ng6 36. Nf3 Ne7 37. Nh4 Bg6 38. Nxg6 Rxg6 39. Kh3 Nf5 40. Re1 Kc6 41. Rb1 Rg7 42. Rb2 Rf7 43. Rb1 Nh6 44. Kg2 Ng4 45. f3 Ne3+ 46. Kf2 Nf5 47. Rh1 Rg7 48. Rxh5 Nxg3 49. Rh6 Kd7 50. Rh8 Nf5 51. Ra8 a6 52. Rb8 Kc7 53. Re8 Re7 54. Ra8 Ng7 55. Ke3 Re8 56. Rxe8 Nxe8 57. Kf4 b6 58. axb6+ Kxb6 59. Kg5 a5 60. f4 a4 61. f5 exf5 62. Kxf5 a3 63. Ke6 Nc7+ 64. Kd6 a2 65. e6 a1=Q 66. e7 Qa3+ 67. Kd7 Qa4+ 68. Kd6 Qc6+ 69. Ke5 Qe6+ {[%emt 0:00:01] Ke4} 0-1

[Event "RUS-ch Women Rapid 2019"]
[Site "Sochi"]
[Date "2019.10.16"]
[Round "8.10"]
[White "Karavaeva, Olga"]
[Black "Fominykh, Maria"]
[Result "0-1"]
[ECO "A24"]
[WhiteElo "2260"]
[BlackElo "2206"]
[Annotator "NA"]
[PlyCount "78"]
[EventDate "2019.10.15"]
[EventType "swiss"]
[EventCountry "RUS"]
[SourceTitle "playchess.com"]
[Source "ChessBase"]
[SourceQuality "1"]
[TimeControl "900+10"]

1. c4 Nf6 2. Nc3 e5 3. g3 g6 4. Bg2 Bg7 5. Nf3 d6 6. O-O O-O 7. b3 Re8 8. Bb2 c6 9. e4 Na6 10. h3 Nc5 11. Qc2 Nh5 12. Rad1 Ne6 13. d3 a6 14. a4 Qb6 15. Ba3 Nxg3 16. c5 Nxc5 17. fxg3 Nxe4+ 18. Kh2 Nxc3 19. Qxc3 e4 20. Qc2 exf3 21. Rxf3 Be6 22. d4 Bd5 23. Rfd3 Bxg2 24. Qxg2 Re6 25. Qf3 Rae8 26. R1d2 d5 27. Bc5 Qc7 28. Rf2 h5 29. h4 Re4 30. Kg2 b6 31. Bxb6 Qxb6 32. Qxf7+ Kh7 33. Rf6 Rg4 34. Qxe8 Bxf6 35. Rf3 Qxd4 36. Qxc6 Bg7 37. Qxa6 Re4 38. Rf2 Re3 39. Qb7 Qe5 0-1

[Event "RUS-ch Women Rapid 2019"]
[Site "Sochi"]
[Date "2019.10.16"]
[Round "8.11"]
[White "Utiatskaja, Irina"]
[Black "Bykova, Anastasia"]
[Result "0-1"]
[ECO "B11"]
[WhiteElo "2172"]
[BlackElo "2247"]
[Annotator "NA"]
[PlyCount "82"]
[EventDate "2019.10.15"]
[EventType "swiss"]
[EventCountry "RUS"]
[SourceTitle "playchess.com"]
[Source "ChessBase"]
[SourceQuality "1"]
[TimeControl "900+10"]

1. e4 c6 2. Nc3 d5 3. Nf3 Bg4 4. h3 Bxf3 5. Qxf3 e6 6. Be2 Nf6 7. O-O Nbd7 8. d4 dxe4 9. Nxe4 Nxe4 10. Qxe4 Nf6 11. Qd3 Be7 12. c4 O-O 13. b3 a5 14. a3 Qb6 15. Bb2 Rfd8 16. Qc2 Rd7 17. Rad1 Rad8 18. Kh1 Ne8 19. f4 Bf6 20. c5 Qa7 21. Qe4 Nc7 22. Bc4 Nd5 23. Bxd5 Rxd5 24. f5 exf5 25. Rxf5 Rxf5 26. Qxf5 Qb8 27. Rf1 Rd5 28. Qg4 h5 29. Qe4 Qc8 30. Bc3 Qd7 31. Bxa5 Bxd4 32. b4 Be5 33. Qf3 g6 34. Bb6 Rd3 35. Qe2 Qd5 36. Kg1 Rxa3 37. Rd1 Qe6 38. Kh1 Kg7 39. Re1 Rxh3+ 40. gxh3 Qxh3+ 41. Kg1 Bd4+ 0-1

[Event "RUS-ch Women Rapid 2019"]
[Site "Sochi"]
[Date "2019.10.16"]
[Round "9.2"]
[White "Voit, Daria"]
[Black "Goltseva, Ekaterina"]
[Result "1-0"]
[ECO "A09"]
[WhiteElo "2361"]
[BlackElo "2317"]
[Annotator "NA"]
[PlyCount "69"]
[EventDate "2019.10.15"]
[EventType "swiss"]
[EventCountry "RUS"]
[SourceTitle "playchess.com"]
[Source "ChessBase"]
[SourceQuality "1"]
[TimeControl "900+10"]

1. Nf3 d5 2. c4 d4 3. g3 c5 4. Bg2 Nf6 5. d3 Nc6 6. e3 e5 7. O-O Be7 8. exd4 cxd4 9. Re1 Nd7 10. Na3 O-O 11. Nc2 a5 12. Na3 Kh8 13. Nb5 f6 14. Nd2 Nc5 15. Ne4 Ne6 16. f4 f5 17. Nf2 exf4 18. Bxf4 Nxf4 19. gxf4 g5 20. Qf3 Nb4 21. Qe2 Bf6 22. a3 Nc6 23. c5 gxf4 24. Nh3 Bh4 25. Rf1 Re8 26. Qh5 Qe7 27. Nc7 Bd7 28. Nxf4 Rg8 29. Nxa8 Ne5 30. Nb6 Bc6 31. Nbd5 Qd8 32. Qxf5 Nxd3 33. Qxd3 Bxd5 34. Qxd4+ Bf6 35. Qxd5 1-0

[Event "RUS-ch Women Rapid 2019"]
[Site "Sochi"]
[Date "2019.10.16"]
[Round "9.4"]
[White "Guseva, Marina"]
[Black "Chernyak, Viktoria"]
[Result "0-1"]
[ECO "D35"]
[WhiteElo "2335"]
[BlackElo "2284"]
[Annotator "NA"]
[PlyCount "86"]
[EventDate "2019.10.15"]
[EventType "swiss"]
[EventCountry "RUS"]
[SourceTitle "playchess.com"]
[Source "ChessBase"]
[SourceQuality "1"]
[TimeControl "900+10"]

1. d4 d5 2. c4 e6 3. Nc3 Nf6 4. cxd5 exd5 5. Bg5 Bb4 6. e3 h6 7. Bh4 g5 8. Bg3 Ne4 9. Nge2 h5 10. h3 Nxg3 11. Nxg3 h4 12. Nge2 c6 13. Qc2 Be6 14. O-O-O Nd7 15. Kb1 Bd6 16. e4 dxe4 17. Nxe4 Be7 18. N2c3 Qa5 19. Be2 Nb6 20. Nc5 Bxc5 21. dxc5 Qxc5 22. Bg4 f5 23. Rhe1 Kf7 24. Qe2 Rh6 25. Bh5+ Kg7 26. f4 gxf4 27. Qd2 Nd5 28. Nxd5 Bxd5 29. Bf3 Qd6 30. Bxd5 cxd5 31. Qc3+ Rf6 32. Rd4 Qc6 33. Qd2 Re8 34. Rc1 Qe6 35. Qxf4 Qe3 36. Qxh4 Rf7 37. Rf4 Re6 38. Rcf1 Rg6 39. Ka1 Rxg2 40. a3 Rc7 41. Rxf5 Rc1+ 42. Ka2 Rxb2+ 43. Kxb2 Qc3+ 0-1

[Event "RUS-ch Women Rapid 2019"]
[Site "Sochi"]
[Date "2019.10.16"]
[Round "9.6"]
[White "Bivol, Alina"]
[Black "Lysenko, Margarita"]
[Result "1/2-1/2"]
[ECO "A20"]
[WhiteElo "2283"]
[BlackElo "2243"]
[Annotator "NA"]
[PlyCount "104"]
[EventDate "2019.10.15"]
[EventType "swiss"]
[EventCountry "RUS"]
[SourceTitle "playchess.com"]
[Source "ChessBase"]
[SourceQuality "1"]
[TimeControl "900+10"]

1. c4 e5 2. g3 Nf6 3. Bg2 d5 4. cxd5 Nxd5 5. Nc3 Nb6 6. Nf3 Nc6 7. O-O Be7 8. a4 a5 9. d4 exd4 10. Nb5 O-O 11. Nfxd4 Nxd4 12. Qxd4 Qxd4 13. Nxd4 c6 14. Bd2 Rd8 15. Bc3 Nd5 16. Rfd1 h5 17. Be1 h4 18. Nb3 hxg3 19. hxg3 Nb4 20. Rxd8+ Bxd8 21. Rd1 Bb6 22. Bc3 Be6 23. Nc1 Rd8 24. Rxd8+ Bxd8 25. e4 Na2 26. Nxa2 Bxa2 27. b4 axb4 28. Bxb4 b6 29. e5 c5 30. Bc3 f6 31. f4 Kf7 32. Kf2 Ke6 33. Ke3 Bb3 34. Bc6 Bc7 35. exf6 gxf6 36. g4 Bd1 37. f5+ Ke7 38. g5 fxg5 39. Bg7 Bb3 40. Kf3 Kf7 41. Bc3 Bd8 42. Bd2 Bf6 43. a5 bxa5 44. Bxa5 Bd1+ 45. Ke3 Bc2 46. Bd5+ Kg7 47. Be6 Bd4+ 48. Ke2 g4 49. f6+ Kxf6 50. Bxg4 c4 51. Kd2 Bd3 52. Bc3 Bxc3+ 1/2-1/2

[Event "RUS-ch Women Rapid 2019"]
[Site "Sochi"]
[Date "2019.10.16"]
[Round "9.7"]
[White "Ovod, Evgenija"]
[Black "Borisova, Ekaterina"]
[Result "1/2-1/2"]
[ECO "B22"]
[WhiteElo "2347"]
[BlackElo "2347"]
[Annotator "NA"]
[PlyCount "76"]
[EventDate "2019.10.15"]
[EventType "swiss"]
[EventCountry "RUS"]
[SourceTitle "playchess.com"]
[Source "ChessBase"]
[SourceQuality "1"]
[TimeControl "900+10"]

1. e4 c5 2. c3 d6 3. d4 Nf6 4. Bd3 g6 5. Nf3 Bg7 6. O-O O-O 7. h3 Nc6 8. Be3 cxd4 9. cxd4 Nb4 10. Nc3 Nxd3 11. Qxd3 b6 12. d5 Nd7 13. Bd4 Ne5 14. Nxe5 dxe5 15. Be3 e6 16. Rfd1 exd5 17. Nxd5 Be6 18. Qa3 Bxd5 19. Rxd5 Qh4 20. f3 Rfd8 21. Rad1 Rxd5 22. Rxd5 h5 23. Bxb6 Qe1+ 24. Kh2 Bh6 25. Bg1 Bf4+ 26. Kh1 Rc8 27. Qxa7 Qg3 28. Qe7 Rc1 29. Rd8+ Kg7 30. Qf8+ Kf6 31. Rd6+ Kg5 32. Qd8+ Kh6 33. Qh8+ Kg5 34. Qf6+ Kh6 35. Qh8+ Kg5 36. Qd8+ Kh6 37. Qh8+ Kg5 38. Qf6+ Kh6 1/2-1/2

[Event "RUS-ch Women Rapid 2019"]
[Site "Sochi"]
[Date "2019.10.16"]
[Round "9.9"]
[White "Belenkaya, Dina"]
[Black "Maltsevskaya, Aleksandra"]
[Result "0-1"]
[ECO "B24"]
[WhiteElo "2185"]
[BlackElo "2304"]
[Annotator "NA"]
[PlyCount "54"]
[EventDate "2019.10.15"]
[EventType "swiss"]
[EventCountry "RUS"]
[SourceTitle "playchess.com"]
[Source "ChessBase"]
[SourceQuality "1"]
[TimeControl "900+10"]

1. e4 c5 2. Nc3 Nc6 3. g3 g6 4. Bg2 Bg7 5. d3 e6 6. Nf3 Nge7 7. Bg5 h6 8. Be3 b6 9. Qd2 d5 10. exd5 exd5 11. d4 O-O 12. O-O-O Nf5 13. dxc5 d4 14. Nxd4 Nfxd4 15. Bxd4 Nxd4 16. Bxa8 Bg4 17. f3 Be6 18. Be4 bxc5 19. Nb5 Qb6 20. Nxd4 cxd4 21. Qd3 Rb8 22. f4 Qxb2+ 23. Kd2 Qb4+ 24. c3 dxc3+ 25. Ke3 Qc5+ 26. Kf3 Rb2 27. Rhf1 Bg4+ 0-1

[Event "RUS-ch Women Rapid 2019"]
[Site "Sochi"]
[Date "2019.10.16"]
[Round "10.1"]
[White "Chernyak, Viktoria"]
[Black "Pogonina, Natalija"]
[Result "1/2-1/2"]
[ECO "A13"]
[WhiteElo "2284"]
[BlackElo "2501"]
[Annotator "RC"]
[PlyCount "132"]
[EventDate "2019.10.15"]
[EventType "swiss"]
[EventCountry "RUS"]
[SourceTitle "playchess.com"]
[Source "ChessBase"]
[SourceQuality "1"]
[TimeControl "900+10"]

1. c4 e6 2. Nf3 d5 3. e3 Nf6 4. Nc3 b6 5. cxd5 exd5 6. d4 a6 7. Qc2 Bb7 8. Be2 Nbd7 9. O-O Bd6 10. b3 O-O 11. Bb2 Qe7 12. Rac1 Rac8 13. Bd3 Ne4 14. Ne2 h6 15. Ng3 f5 16. Qe2 Qe6 17. Ne5 Nxe5 18. dxe5 Bxe5 19. Bxe5 Qxe5 20. Bxa6 Nc3 21. Qd3 Bxa6 22. Qxa6 Ra8 23. Qb7 Rxa2 24. Qc6 Ne2+ 25. Nxe2 Rxe2 26. Qxc7 Qxc7 27. Rxc7 Rb2 28. Rd7 f4 29. Rxd5 fxe3 30. fxe3 Rc8 31. Rdf5 Rxb3 32. R5f3 Rc2 33. Re1 Rbb2 34. Rg3 b5 35. e4 Rd2 36. h3 Rbc2 37. Rb1 Rb2 38. Re1 b4 39. e5 Re2 40. Rc1 Rxe5 41. Rc7 Rg5 42. Rxg5 hxg5 43. Rc5 b3 44. Rxg5 Rc2 45. Rb5 b2 46. Kh2 Kf7 47. Rb6 Ke7 48. h4 Kd7 49. Kh3 Kc7 50. Rb3 Kd6 51. Rb8 Kd5 52. h5 Kc4 53. g3 Kc3 54. Kh4 Rg2 55. g4 Kc2 56. Kg5 b1=Q 57. Rxb1 Kxb1 58. Kf5 Kc2 59. g5 Kd3 60. h6 gxh6 61. gxh6 Rh2 62. Kg6 Ke4 63. h7 Ke5 64. Kg7 Rg2+ 65. Kf7 Rh2 66. Kg7 Rg2+ 1/2-1/2

[Event "RUS-ch Women Rapid 2019"]
[Site "Sochi"]
[Date "2019.10.16"]
[Round "10.2"]
[White "Sukhareva, Evgeniya"]
[Black "Voit, Daria"]
[Result "1/2-1/2"]
[ECO "A50"]
[WhiteElo "2122"]
[BlackElo "2361"]
[Annotator "NA"]
[PlyCount "71"]
[EventDate "2019.10.15"]
[EventType "swiss"]
[EventCountry "RUS"]
[SourceTitle "playchess.com"]
[Source "ChessBase"]
[SourceQuality "1"]
[TimeControl "900+10"]

1. d4 Nf6 2. c4 b6 3. Nc3 Bb7 4. Qc2 d5 5. cxd5 Nxd5 6. e4 Nxc3 7. bxc3 e6 8. Nf3 Be7 9. Bb5+ c6 10. Bd3 c5 11. O-O O-O 12. Bb2 Qc8 13. Qe2 Ba6 14. d5 exd5 15. exd5 Bxd3 16. Qxd3 Bf6 17. Rab1 c4 18. Qc2 Qc5 19. Rbd1 Rd8 20. Rfe1 Na6 21. Nd2 Rxd5 22. Ne4 Rxd1 23. Nxf6+ gxf6 24. Qxd1 Nc7 25. Bc1 h5 26. Re3 Re8 27. Rg3+ Kf8 28. h3 Ne6 29. Qa4 Qe5 30. Bh6+ Ke7 31. Qxa7+ Qc7 32. Qa3+ Qc5 33. Qa7+ Qc7 34. Qa3+ Qc5 35. Qa7+ Qc7 36. Qa3+ 1/2-1/2

[Event "RUS-ch Women Rapid 2019"]
[Site "Sochi"]
[Date "2019.10.16"]
[Round "10.3"]
[White "Bodnaruk, Anastasia"]
[Black "Charochkina, Daria"]
[Result "1-0"]
[ECO "B12"]
[WhiteElo "2449"]
[BlackElo "2289"]
[Annotator "NA"]
[PlyCount "83"]
[EventDate "2019.10.15"]
[EventType "swiss"]
[EventCountry "RUS"]
[SourceTitle "playchess.com"]
[Source "ChessBase"]
[SourceQuality "1"]
[TimeControl "900+10"]

1. e4 c6 2. d4 d5 3. e5 c5 4. dxc5 e6 5. a3 Bxc5 6. b4 Bb6 7. Nf3 Ne7 8. Bd3 Ng6 9. O-O Nc6 10. Re1 a5 11. bxa5 Bxa5 12. Bd2 O-O 13. Bxa5 Rxa5 14. Nbd2 Qe7 15. a4 Nb4 16. Nb3 Ra8 17. Bf1 Bd7 18. c3 Nc6 19. Bb5 Na5 20. Nbd4 Rfc8 21. Bxd7 Qxd7 22. Nb5 Nc4 23. Rb1 Ra6 24. Rb4 Qd8 25. g3 Ne7 26. Nbd4 Qc7 27. Qb1 b6 28. Nb5 Qb8 29. Ng5 g6 30. Nf3 Nc6 31. Rxc4 dxc4 32. Qc1 Ne7 33. Nd6 Rd8 34. Qh6 Ra7 35. Ng5 Nf5 36. Qxh7+ Kf8 37. Ndxf7 Re8 38. Rd1 Qxe5 39. Nxe5 Rxh7 40. Nxh7+ Kg7 41. Ng5 Kf6 42. f4 1-0

[Event "RUS-ch Women Rapid 2019"]
[Site "Sochi"]
[Date "2019.10.16"]
[Round "10.4"]
[White "Goltseva, Ekaterina"]
[Black "Maltsevskaya, Aleksandra"]
[Result "1-0"]
[ECO "A58"]
[WhiteElo "2317"]
[BlackElo "2304"]
[Annotator "NA"]
[PlyCount "81"]
[EventDate "2019.10.15"]
[EventType "swiss"]
[EventCountry "RUS"]
[SourceTitle "playchess.com"]
[Source "ChessBase"]
[SourceQuality "1"]
[TimeControl "900+10"]

1. d4 Nf6 2. c4 c5 3. d5 b5 4. cxb5 a6 5. bxa6 e6 6. Nc3 exd5 7. Nxd5 Be7 8. e3 O-O 9. Nf3 Rxa6 10. Nxe7+ Qxe7 11. Be2 Ne4 12. O-O Rg6 13. Ne1 Bb7 14. f3 Ng5 15. e4 Nc6 16. Nd3 Nd4 17. Nf4 Rd6 18. Bd2 Nge6 19. Bc4 Nxf4 20. Bxf4 Rg6 21. Be3 d5 22. Bxd4 dxe4 23. Bc3 exf3 24. Rxf3 Rd8 25. Qf1 Bxf3 26. Qxf3 Kh8 27. Re1 Qg5 28. a4 f5 29. a5 Qh4 30. Bf1 f4 31. Qe4 Rg8 32. Qf3 Rh6 33. h3 Rg6 34. Re4 Rf8 35. Be1 Qf6 36. b3 h6 37. a6 Qa1 38. Bf2 Rd6 39. Bxc5 Rd3 40. Qxd3 f3 41. Bxf8 1-0

[Event "RUS-ch Women Rapid 2019"]
[Site "Sochi"]
[Date "2019.10.16"]
[Round "10.5"]
[White "Ambartsumova, Karina"]
[Black "Ovod, Evgenija"]
[Result "1/2-1/2"]
[ECO "A13"]
[WhiteElo "2336"]
[BlackElo "2347"]
[Annotator "NA"]
[PlyCount "84"]
[EventDate "2019.10.15"]
[EventType "swiss"]
[EventCountry "RUS"]
[SourceTitle "playchess.com"]
[Source "ChessBase"]
[SourceQuality "1"]
[TimeControl "900+10"]

1. Nf3 d5 2. c4 e6 3. g3 Nf6 4. Bg2 dxc4 5. Qa4+ Nbd7 6. Qxc4 c5 7. O-O b6 8. Nc3 Bb7 9. e4 a6 10. a4 Rc8 11. b3 Be7 12. Bb2 Ng4 13. Qe2 Bf6 14. Rfd1 Nge5 15. d3 Nxf3+ 16. Bxf3 Ne5 17. Bg2 Nc6 18. e5 Nd4 19. Qe3 Bxg2 20. exf6 Ba8 21. fxg7 Rg8 22. Ne4 f5 23. Ng5 Qd5 24. f3 Nc2 25. Qxe6+ Qxe6 26. Nxe6 Nxa1 27. Bxa1 Bxf3 28. Re1 Kd7 29. Nf8+ Rcxf8 30. gxf8=Q Rxf8 31. d4 cxd4 32. Bxd4 b5 33. axb5 axb5 34. Bc5 Re8 35. Rxe8 Kxe8 36. Kf2 Bd1 37. b4 Kf7 38. Ke3 Bc2 39. Kf4 Kg6 40. Be3 h5 41. Ke5 Bd3 42. Kd5 Bc4+ {[%emt 0:00:02] Ke4} 1/2-1/2

[Event "RUS-ch Women Rapid 2019"]
[Site "Sochi"]
[Date "2019.10.16"]
[Round "10.7"]
[White "Kovanova, Baira"]
[Black "Bykova, Anastasia"]
[Result "1-0"]
[ECO "A06"]
[WhiteElo "2288"]
[BlackElo "2247"]
[Annotator "NA"]
[PlyCount "85"]
[EventDate "2019.10.15"]
[EventType "swiss"]
[EventCountry "RUS"]
[SourceTitle "playchess.com"]
[Source "ChessBase"]
[SourceQuality "1"]
[TimeControl "900+10"]

1. Nf3 d5 2. e3 Nf6 3. c4 c6 4. Nc3 g6 5. b3 Bg7 6. Bb2 O-O 7. Be2 Bg4 8. d4 Re8 9. O-O Nbd7 10. cxd5 Nxd5 11. Rc1 Nxc3 12. Bxc3 Nf6 13. h3 Bf5 14. Ne5 a5 15. Bc4 Nd5 16. Bb2 Be6 17. Qf3 Rf8 18. Rfd1 Nc7 19. e4 Bxc4 20. Nxc4 Nb5 21. d5 Bxb2 22. Nxb2 cxd5 23. Rxd5 Qb6 24. Na4 Qa6 25. Nc5 Qc6 26. Nd3 Qe8 27. Ne5 Nd6 28. Rc7 Rc8 29. Rdc5 Rxc7 30. Rxc7 Qd8 31. Rc1 Qa8 32. Ng4 Rc8 33. Rd1 Qa6 34. Nh6+ Kg7 35. e5 Kxh6 36. exd6 exd6 37. Qxf7 Qe2 38. Qf4+ Kg7 39. Rxd6 Qe1+ 40. Kh2 Qe7 41. Qd4+ Kh6 42. Rd7 Qf8 43. Qh4# 1-0

[Event "RUS-ch Women Rapid 2019"]
[Site "Sochi"]
[Date "2019.10.16"]
[Round "10.8"]
[White "Fominykh, Maria"]
[Black "Bivol, Alina"]
[Result "1/2-1/2"]
[ECO "A48"]
[WhiteElo "2206"]
[BlackElo "2283"]
[Annotator "NA RC"]
[PlyCount "148"]
[EventDate "2019.10.15"]
[EventType "swiss"]
[EventCountry "RUS"]
[SourceTitle "playchess.com"]
[Source "ChessBase"]
[SourceQuality "1"]
[TimeControl "900+10"]

1. d4 Nf6 2. Nf3 g6 3. c4 Bg7 4. Nc3 O-O 5. e4 d6 6. h3 c5 7. Be3 cxd4 8. Nxd4 Nc6 9. Be2 Bd7 10. O-O Rc8 11. Rc1 b6 12. Nc2 Na5 13. Na3 Bc6 14. b4 Nb7 15. Bd3 Bd7 16. Nab5 a6 17. Nd4 Nh5 18. Nb3 e6 19. Be2 b5 20. c5 dxc5 21. Nxc5 Nxc5 22. Bxc5 Re8 23. Bxh5 gxh5 24. Qxh5 Bc6 25. Rfd1 Qf6 26. Rd3 Qg6 27. Qe2 Qh6 28. Rcd1 Kh8 29. Rg3 Rg8 30. e5 Qf4 31. Bd6 Bh6 32. Rdd3 Rxg3 33. fxg3 Qc1+ 34. Kh2 Bb7 35. Bc5 Bg7 36. Be3 Qa1 37. Bd4 Qc1 38. Rd1 Qa3 39. Ne4 Bxe4 40. Qxe4 Qxb4 41. Qb7 Rf8 42. Qxa6 h6 43. Qa7 Qa4 44. Qxa4 bxa4 45. Rb1 Rd8 46. Rb4 a3 47. Ra4 Rd5 48. Kg1 Kh7 49. Kf2 h5 50. Kf3 Bxe5 51. Bxe5 Rxe5 52. Rxa3 Re1 53. g4 h4 54. Ra7 Kg6 55. a4 Ra1 56. a5 Ra3+ 57. Ke4 Ra2 58. Kf3 Ra3+ 59. Ke4 Ra2 60. a6 Rxg2 61. Rc7 Ra2 62. a7 f5+ 63. gxf5+ exf5+ 64. Ke5 Ra5+ 65. Kd6 f4 66. Kc6 f3 67. Kb6 f2 68. Rc1 Ra2 69. Rf1 Rb2+ 70. Kc6 Ra2 71. Kb7 Rb2+ 72. Kc7 Ra2 73. Kb6 Rb2+ 74. Kc6 Ra2 1/2-1/2